AoeStats
← VIT Liereyy

Arabian Desert

509887075Analyzed
1v1 RM · 4d ago on Sep 28, 2026· 31m 8s· 2 players
Game mode
Random Map
Map size
Tiny (2 player)
Population
200
Speed
Normal
Resources
Standard
Victory
Conquest
Starting age
Dark Age
Ending age
Imperial Age
RankedLock teamsTeams togetherTeam positionsShared explorationLock speedFull tech treeHidden civsTurbo modeCheats
Victory
Defeat
🇺🇾 Byzantines · Uruguay
2946
+15
🇦🇹 Malians · Austria
2935
-15
VIT Liereyy
7:06 Loom
10:13 Feudal Age
10:41 Double-Bit Axe
10:54 Horse Collar
10:36 Man-at-Arms
15:26 Fletching
19:16 Forging
25:40 Castle Age
25:07 Scale Mail Armor
26:21 Squires
25:45 Long Swordsman
26:36 Squires
28:33 Bow Saw
30:02 Scale Barding Armor
wR.Sebastian
6:25 Loom
8:47 Feudal Age
9:20 Double-Bit Axe
13:42 Horse Collar
18:45 Wheelbarrow
20:54 Fletching
21:24 Padded Archer Armor
26:08 Castle Age
25:28 Gold Mining
26:51 Bodkin Arrow
30:32 Gold Shaft Mining
29:23 Elite Skirmisher
30:13 Bow Saw
Connection lost

Rejoining the realm…

Still unreachable

The connection could not be restored.

Session expired

The server has moved on; the page needs a fresh start.